 Dungeon Crawl Stone Soup version 0.22.1-2-g9c5b331 (webtiles) character file.

115260 diana the Unseen (level 16, 0/125 HPs)
             Began as a Demonspawn Gladiator on Dec 30, 2018.
             Was the Champion of Wu Jian.
             Slain by a halberd of venom (16 damage)
             ... on level 2 of the Elven Halls.
             The game lasted 01:25:22 (30168 turns).

diana the Unseen (Demonspawn Gladiator)            Turns: 30168, Time: 01:25:22

Health: 0/125      AC: 20    Str: 23    XL:     16   Next: 18%
Magic:  0/17       EV: 26    Int: 10    God:    Wu Jian [******]
Gold:   1904       SH:  6    Dex: 19    Spells: 14/17 levels left

rFire    . . .     SeeInvis +   s - +1 short sword (elec)
rCold    . . .     Gourm    .   V - +0 buckler
rNeg     . . .     Faith    .   e - quicksilver dragon scales
rPois    .         Spirit   +   c - +0 helmet
rElec    .         Reflect  .   v - scarf {repulsion}
rCorr    .         Harm     .   B - +2 pair of gloves "Amur" {SInv}
MR       ++...     Rnd*Rage +   (boots unavailable)
Stlth    ++++++....             (no amulet)
HPRegen  0.30/turn              F - +6 ring of evasion
MPRegen  0.30/turn              D - +6 ring of strength

@: lethally poisoned (0 -> -10), starving, repel missiles
A: talons 3, molten scales 2, berserk 1, blink, demonic guardian 2, wild magic
1, magic shield, magic regeneration
a: Blink, Wall Jump, Serpent's Lash, Heavenly Storm, Renounce Religion


You were on level 2 of the Elven Halls.
You worshipped Wu Jian.
Wu Jian was exalted by your worship.
You were starving.

You visited 4 branches of the dungeon, and saw 24 of its levels.
You visited the Abyss 1 time.
You also visited: Wizlab.

You collected 2008 gold pieces.
You spent 104 gold pieces at shops.

Inventory:

Hand Weapons
 a - a +0 rapier
 b - a +0 vampiric short sword
 o - a cursed +2 dagger
 s - a +1 short sword of electrocution (weapon)
 y - the +9 sword of Zonguldrok {reap}
   (You found it in a wizard's laboratory)

   If a monster killed with it leaves a corpse in good enough shape, the corpse
   will be animated as a zombie friendly to the killer.
Missiles
 d - 5 throwing nets (quivered)
Armour
 c - a +0 helmet (worn)
 e - quicksilver dragon scales (worn)
 v - a scarf of repulsion (worn)
 B - the +2 pair of gloves "Amur" (worn) {SInv}
   (You found it on level 10 of the Dungeon)

   It lets you see invisible.
 N - a scarf of resistance
 V - a +0 buckler (worn)
Jewellery
 D - a +6 ring of strength (right hand)
 F - a +6 ring of evasion (left hand)
Wands
 g - a wand of paralysis (23)
 x - a wand of digging (6)
 J - a wand of acid (19)
 L - a wand of clouds (5)
Scrolls
 h - 3 scrolls of summoning {unknown}
 i - 12 scrolls of remove curse
 j - 3 scrolls of immolation
 k - 3 scrolls of noise {unknown}
 q - 6 scrolls of teleportation
 t - 2 scrolls of identify
 u - 9 scrolls of blinking
 A - 3 scrolls of fear
 C - 4 scrolls of magic mapping {unknown}
 G - 2 scrolls of holy word {unknown}
 I - 4 scrolls of fog {unknown}
 R - a scroll of random uselessness {unknown}
 U - a scroll of acquirement {unknown}
Potions
 l - 3 potions of might
 m - 3 potions of curing
 n - a potion of cancellation {unknown}
 p - 2 potions of brilliance
 r - 6 potions of agility
 w - a potion of heal wounds
 H - 2 potions of resistance
 M - 2 potions of flight {unknown}
 O - a potion of degeneration {unknown}
 Q - 3 potions of haste {unknown}
Comestibles
 f - 32 rations


   Skills:
 - Level 11.0 Fighting
 - Level 14.0 Short Blades
 - Level 1.7 Throwing
 - Level 10.0 Armour
 + Level 11.4 Dodging
 + Level 15.4 Stealth
 - Level 4.0 Shields
 - Level 1.0 Spellcasting


You had 14 spell levels left.
You knew the following spells:

 Your Spells              Type           Power        Failure   Level  Hunger
a - Regeneration          Chrm/Necr      #.........   88%         3    ####...

Your spell library contained the following spells:

 Spells                   Type           Power        Failure   Level  Hunger
 Animate Skeleton         Necr           N/A          54%         1    ##.....
 Apportation              Tloc           #.....       54%         1    ##.....
 Beastly Appendage        Tmut           #.....       54%         1    ##.....
 Magic Dart               Conj           #...         54%         1    ##.....
 Pain                     Necr           #...         54%         1    ##.....
 Summon Butterflies       Summ           #.......     54%         1    ##.....
 Blink                    Tloc           N/A          67%         2    ###....
 Call Imp                 Summ           #.......     67%         2    ###....
 Ensorcelled Hibernation  Hex/Ice        #.....       67%         2    ###....
 Passwall                 Tmut/Erth      #.......     67%         2    ###....
 Slow                     Hex            #.......     67%         2    ###....
 Sticks to Snakes         Tmut           #.......     67%         2    ###....
 Swiftness                Chrm/Air       #.......     67%         2    ###....
 Conjure Flame            Conj/Fire      #.......     88%         3    ####...
 Ignite Poison            Fire/Tmut/Pois #.......     88%         3    ####...
 Lesser Beckoning         Tloc           #.........   88%         3    ####...
 Mephitic Cloud           Conj/Pois/Air  #.......     88%         3    ####...
 Spider Form              Tmut/Pois      #.........   88%         3    ####...
 Summon Guardian Golem    Hex/Summ       #.......     88%         3    ####...
 Tukima's Dance           Hex            #.......     88%         3    ####...
 Vampiric Draining        Necr           #.........   88%         3    ####...
 Animate Dead             Necr           N/A          99%         4    #####..
 Ice Form                 Ice/Tmut       #.......     99%         4    #####..
 Passage of Golubria      Tloc           N/A          99%         4    #####..
 Summon Lightning Spire   Summ/Air       #.......     99%         4    #####..
 Alistair's Intoxication  Tmut/Pois      #.......     100%        5    ######.
 Blade Hands              Tmut           #.........   100%        5    ######.
 Borgnjor's Vile Clutch   Necr/Erth      #.........   100%        5    ######.
 Fireball                 Conj/Fire      #.........   100%        5    ######.
 Lee's Rapid Deconstruct  Erth           #.........   100%        5    ######.
 Silence                  Hex/Air        #.........   100%        5    ######.
 Bolt of Fire             Conj/Fire      #.........   100%        6    #######
 Darkness                 Hex            #.........   100%        6    #######
 Invisibility             Hex            #.......     100%        6    #######
 Shadow Creatures         Summ           N/A          100%        6    #######
 Ring of Flames           Chrm/Fire      #.........   100%        7    #######
 Ignition                 Fire           #.........   100%        8    #######
 Dragon's Call            Summ           #.........   100%        9    #######


Dungeon Overview and Level Annotations

Branches:
Dungeon (14/15)            Temple (0/1) D:6            Lair (6/6) D:8
  Swamp (0/4) Lair:2        Snake (0/4) Lair:3        Slime (0/5) Lair:5
    Orc (2/2) D:9             Elf (2/3) Orc:2        Vaults (0/5) D:13

Altars:
Fedhas
Nemelex Xobeh
Wu Jian
Xom

Shops:
D:7 ?   D:9 }(!   D:11 ?   Orc:1 }   Orc:2 [*:(

Annotations:
D:5 1 transporter, Pikel


Innate Abilities, Weirdness & Mutations

You have claws for feet.
You are mostly covered in molten scales. (AC +3)
A demonic guardian rushes to your aid.
When hurt, damage is shared between your health and your magic reserves.
You regenerate magic rapidly.
You tend to lose your temper in combat.
You can translocate small distances at will.
Your spells are a little harder to cast, but a little more powerful.


Message History

The halberd of venom hits you but does no damage.
You hit the halberd of venom but do no damage.
Your kick misses the halberd of venom.
The halberd of venom is almost destroyed.
You feel sick.
You miss the halberd of venom.
The halberd of venom is almost destroyed.
You feel sick.
The halberd of venom completely misses you.
You miss the halberd of venom.
The halberd of venom is almost destroyed.
You hit the halberd of venom but do no damage.
You claw the halberd of venom, but do no damage.
The halberd of venom is almost destroyed.
You feel sick. The halberd of venom hits you!
* * * LOW HITPOINT WARNING * * *
You hit the halberd of venom but do no damage.
The halberd of venom is almost destroyed.
You feel sick. The halberd of venom hits you!!
You die...

.............#ยง..## #
...........###...### .
##.........## ##)..##
..###...........###..)###
...#.............#...## #
.....................##
......................##
................)......#
........@(.............#
........)..............#
.........###..........'##
........## ##........#'.'
......... #.........##.'
........## ##....))..#+.'
.........###...)..)...+##
..................)....#
.......................#


You could see a halberd of venom.

Vanquished Creatures
  An ancient lich (WizLab)
  A deep elf blademaster (Elf:2)
  Frances (D:12)
  2 ancient champions (WizLab)
  An orc warlord (Orc:2)
  A deep elf demonologist (Elf:1)
  A deep elf annihilator (Elf:2)
  A deep elf death mage (Elf:1)
  Erolcha (D:10)
  6 vault guards (D:13)
  2 hydras
  A merfolk avatar (Lair:6)
  A centaur warrior (D:10)
  3 two-headed ogres
  8 dancing weapons
  2 orc high priests (Orc:2)
  A thrashing horror (Abyss:2)
  10 deep elf knights
  9 skeletal warriors (WizLab)
  2 unseen horrors
  An orc knight (Orc:2)
  2 harpies (Lair:6)
  3 deep elf archers
  39 deep elf magi
  A wolf spider zombie (D:14)
  4 ugly things
  A cyclops (D:11)
  3 oklob plants
  2 orc sorcerers
  5 elephants (Lair:6)
  A centaur zombie (D:12)
  4 black mambas
  Maurice (Orc:1)
  Psyche (D:10)
  15 spiny frogs
  3 gargoyles
  A rime drake (Lair:4)
  11 komodo dragons
  A kobold demonologist (D:12)
  A freezing wraith (Abyss:2)
  5 trolls
  A tengu conjurer (D:13)
  A polar bear (Lair:6)
  A wind drake (shapeshifter) (Elf:2)
  5 blink frogs
  7 hippogriffs
  An air elemental (Elf:2)
  4 water elementals
  3 wyverns (Lair:6)
  Grum (D:9)
  A large abomination (Abyss:2)
  A fire elemental (Elf:2)
  23 yaks
  4 vampires (WizLab)
  A neqoxec (Abyss:2)
  A basilisk (Lair:2)
  A hungry ghost (D:12)
  3 two-headed ogre zombies (WizLab)
  3 wargs
  4 nagas (Lair:3)
  A small abomination (Abyss:2)
  10 porcupines
  16 water moccasins
  4 sky beasts
  23 orc warriors
  A swamp drake (D:11)
  2 slaves (D:5)
  2 black bears
  3 ice beasts
  An eye of draining (D:13)
  A necrophage (D:6)
  8 ogres
  2 phantoms (D:5)
  10 wolves
  12 centaurs
  12 crocodiles
  18 bullfrogs
  2 gnoll sergeants (D:9)
  5 scorpions
  9 troll zombies (WizLab)
  19 killer bees
  3 howler monkeys
  2 electric eels (D:11)
  6 wights (WizLab)
  4 crimson imps
  4 bullfrog zombies
  A quasit (D:10)
  16 hounds
  4 jellies
  14 orc priests
  3 gnoll shamans (D:9)
  A bullfrog skeleton (D:12)
  6 iguanas
  29 orc wizards
  9 worker ants
  2 hell rats (Lair:3)
  4 ogre zombies (WizLab)
  A hound zombie (D:7)
  A hound skeleton (D:9)
  14 gnolls
  8 river rats (Lair:3)
  16 adders
  7 shadow imps
  An ooze (D:3)
  3 adder skeletons
  A worm (D:2)
  2 dart slugs (D:1)
  3 leopard geckos
  98 orcs
  2 ball pythons
  4 giant cockroaches
  4 goblins
  6 hobgoblins
  16 jackals
  8 kobolds
  7 quokkas
  4 bats (D:1)
  6 frilled lizards
  A jackal zombie (D:6)
  A quokka skeleton (D:4)
  8 rats
  A plant (Lair:1)
718 creatures vanquished.

Vanquished Creatures (collateral kills)
  Snorg (D:12)
  A hydra (Lair:6)
  2 vault guards (D:13)
  A centaur warrior (D:13)
  Urug (D:12)
  2 thrashing horrors (Abyss:2)
  An orc high priest (Orc:2)
  A wretched star (Abyss:2)
  2 deep elf knights (Elf:2)
  A sea snake (Lair:6)
  3 deep elf archers (Elf:2)
  2 orc knights
  2 orc sorcerers (Orc:2)
  5 deep elf magi (Elf:2)
  A worldbinder (Abyss:2)
  2 oklob plants
  A cyclops (Orc:2)
  5 elephants
  2 black mambas (Lair:3)
  Joseph (D:8)
  A spiny frog (Lair:3)
  4 rime drakes
  A troll (Orc:1)
  2 polar bears (Lair:6)
  A blink frog (Lair:6)
  2 hippogriffs
  A ynoxinul (Abyss:2)
  22 yaks
  2 wargs (Orc:2)
  A water moccasin (Lair:6)
  A sky beast (D:6)
  A slave (D:4)
  4 orc warriors
  A centaur (D:13)
  2 starcursed masses (Abyss:2)
  2 ogres
  A bullfrog (D:12)
  6 killer bees
  A howler monkey (D:6)
  A crimson imp (D:5)
  A bullfrog zombie (D:7)
  A gnoll shaman (Orc:2)
  2 orc priests
  A hound (D:4)
  3 orc wizards
  A howler monkey zombie (D:9)
  3 adders
  A shadow imp (D:9)
  An ufetubus (Abyss:2)
  An ooze (D:4)
  An adder zombie (D:9)
  8 orcs
  A plant (Lair:5)
  A starspawn tentacle (Abyss:2)
120 creatures vanquished.

Vanquished Creatures (others)
  A deep elf knight (Elf:2)
  A starcursed mass (Abyss:2)
  29 fungi
  20 plants
  3 starspawn tentacles (Abyss:2)
54 creatures vanquished.

Grand Total: 892 creatures vanquished

Notes
Turn   | Place    | Note
-------+----------+-------------------------------------------
     0 | D:1      | diana the Demonspawn Gladiator began the quest for the Orb.
     0 | D:1      | Reached XP level 1. HP: 16/16 MP: 1/1
   127 | D:1      | Gained mutation: A weak demonic guardian rushes to your
                  | aid. [demonic ancestry]
   127 | D:1      | Reached XP level 2. HP: 17/22 MP: 2/2
   879 | D:2      | Reached XP level 3. HP: 23/28 MP: 3/3
  1079 | D:2      | Found a blossoming altar of Fedhas.
  1149 | D:2      | Reached XP level 4. HP: 30/34 MP: 4/4
  1727 | D:3      | Found an ornate altar of the Wu Jian Council.
  1750 | D:3      | Became a worshipper of the Wu Jian Council
  2073 | D:3      | Gained mutation: You have sharp toenails. [demonic
                  | ancestry]
  2073 | D:3      | Reached XP level 5. HP: 19/41 MP: 5/5
  2177 | D:3      | Found a shimmering altar of Xom.
  2778 | D:4      | Reached skill level 5 in Short Blades
  2786 | D:4      | Reached * piety under Wu Jian
  2871 | D:4      | Gained mutation: You are partially covered in molten
                  | scales. (AC +2) [demonic ancestry]
  2871 | D:4      | Reached XP level 6. HP: 35/48 MP: 6/6
  3795 | D:5      | Entered Level 5 of the Dungeon
  3813 | D:5      | Reached XP level 7. HP: 55/55 MP: 7/7
  3945 | D:5      | Reached skill level 5 in Fighting
  4523 | D:5      | Noticed Pikel
  5086 | D:5      | Reached ** piety under Wu Jian
  5438 | D:5      | Found a sparkling altar of Nemelex Xobeh.
  5438 | D:5      | Found a transporter.
  5438 | D:5      | Noticed a seven-headed hydra
  5622 | D:6      | Gained mutation: A demonic guardian rushes to your aid.
                  | [demonic ancestry]
  5622 | D:6      | Reached XP level 8. HP: 64/64 MP: 8/8
  6570 | D:6      | Found a staircase to the Ecumenical Temple.
  7055 | D:7      | Reached XP level 9. HP: 44/72 MP: 9/9
  7687 | D:7      | Found Xoluhao's Magic Scroll Shoppe.
  8064 | D:8      | Reached *** piety under Wu Jian
  8138 | D:8      | Reached skill level 10 in Short Blades
  8345 | D:8      | Noticed Joseph
  8359 | D:8      | Killed Joseph
  8776 | D:8      | Found a staircase to the Lair.
  9156 | D:9      | Gained mutation: When hurt, damage is shared between your
                  | health and your magic reserves. [demonic ancestry]
  9156 | D:9      | Reached XP level 10. HP: 73/82 MP: 10/10
  9204 | D:9      | Found a staircase to the Orcish Mines.
  9612 | D:9      | Found Gemp's Antique Weapon Boutique.
  9632 | D:9      | Reached **** piety under Wu Jian
  9881 | D:9      | Found Ryeduw's Distillery.
  9895 | D:9      | Found Xosehich's Gadget Shoppe.
 10212 | D:9      | Noticed Grum
 10229 | D:9      | Killed Grum
 10762 | D:10     | Entered Level 10 of the Dungeon
 10762 | D:10     | Noticed Psyche
 11198 | Orc:1    | Entered Level 1 of the Orcish Mines
 11198 | Orc:1    | Found Lar Ass's Gadget Shop.
 11281 | Orc:1    | Reached skill level 10 in Fighting
 11342 | Orc:1    | Noticed an orc sorcerer
 11356 | Orc:1    | Noticed an orange demon
 11360 | Orc:1    | Killed an orc sorcerer
 11360 | Orc:1    | Gained mutation: You have razor-sharp toenails. [demonic
                  | ancestry]
 11360 | Orc:1    | Reached XP level 11. HP: 77/90 MP: 9/11
 11423 | Orc:2    | Entered Level 2 of the Orcish Mines
 11430 | Orc:2    | Noticed an orc knight
 11435 | Orc:2    | Noticed an orc high priest
 11496 | Orc:2    | Noticed a soul eater
 11696 | Orc:1    | Killed an orc knight
 11910 | Orc:2    | Killed an orc high priest
 11933 | Orc:2    | Reached ***** piety under Wu Jian
 12085 | Orc:2    | Noticed an orc sorcerer
 12089 | Orc:2    | Killed an orc sorcerer
 12091 | Orc:2    | Found Ubigamyu's Antique Weapon Shoppe.
 12111 | Orc:2    | Noticed an orc high priest
 12112 | Orc:2    | Noticed an orc warlord
 12119 | Orc:2    | Killed an orc high priest
 12133 | Orc:2    | Killed an orc warlord
 12216 | Orc:2    | Noticed an orc knight
 12233 | Orc:2    | Killed an orc knight
 12497 | Orc:2    | Noticed an orc sorcerer
 12508 | Orc:2    | Paralysed by an orc sorcerer for 4 turns
 12510 | Orc:2    | Killed an orc sorcerer
 12816 | Orc:2    | Noticed an orc high priest
 12825 | Orc:2    | Killed an orc high priest
 13009 | Orc:2    | Noticed an orc sorcerer
 13030 | Orc:2    | Paralysed by an orc sorcerer for 6 turns
 13035 | Orc:2    | Killed an orc sorcerer
 13044 | Orc:2    | Reached skill level 1 in Armour
 13044 | Orc:2    | Reached skill level 1 in Stealth
 13362 | Orc:2    | Found a staircase to the Elven Halls.
 13367 | Orc:2    | Noticed an orc knight
 13372 | Orc:2    | Found Gecedit's General Store.
 13379 | Orc:2    | Killed an orc knight
 13379 | Orc:2    | Reached skill level 2 in Stealth
 13536 | Orc:2    | Found Opsuo's Antique Armour Boutique.
 13563 | Orc:2    | Found Miuppoyc's Book Emporium.
 13814 | Orc:1    | Reached skill level 3 in Stealth
 13931 | Orc:1    | Noticed Maurice
 13950 | Orc:1    | Killed Maurice
 13952 | Orc:1    | Reached XP level 12. HP: 66/100 MP: 10/12
 14507 | D:10     | Paralysed by something for 6 turns
 14523 | D:10     | Killed Psyche
 14593 | D:10     | Reached skill level 4 in Stealth
 14927 | D:10     | Got a pair of slimy gloves
 14938 | D:10     | Identified the +2 pair of gloves "Amur" {SInv} (You found
                  | it on level 10 of the Dungeon)
 15078 | D:10     | Noticed a two-headed ogre
 15083 | D:10     | Killed a two-headed ogre
 15083 | D:10     | Reached skill level 5 in Stealth
 15083 | D:10     | Noticed a five-headed hydra
 15085 | D:10     | Killed a five-headed hydra
 15085 | D:10     | Reached skill level 5 in Armour
 15227 | D:10     | Noticed Erolcha
 15231 | D:10     | Noticed a centaur warrior
 15232 | D:10     | Killed Erolcha
 15240 | D:10     | Killed a centaur warrior
 15240 | D:10     | Reached skill level 6 in Stealth
 15566 | D:11     | Noticed a two-headed ogre
 16083 | D:11     | Killed a two-headed ogre
 16277 | D:11     | Found Nemad's Magic Scroll Shop.
 16359 | D:11     | Reached skill level 7 in Stealth
 16695 | D:12     | Noticed Snorg
 16706 | D:12     | Killed Snorg
 16989 | D:12     | Reached skill level 1 in Shields
 16995 | D:12     | Noticed Frances
 17001 | D:12     | Killed Frances
 17001 | D:12     | Reached skill level 8 in Stealth
 17048 | D:12     | Reached ****** piety under Wu Jian
 17095 | D:12     | Noticed Urug
 17107 | D:12     | Killed Urug
 17107 | D:12     | Gained mutation: You are mostly covered in molten scales.
                  | (AC +3) [demonic ancestry]
 17107 | D:12     | Reached XP level 13. HP: 44/106 MP: 5/13
 17653 | D:13     | Found Nizuav's General Store.
 18189 | D:13     | Reached skill level 9 in Stealth
 18199 | D:13     | Found a gate to the Vaults.
 19105 | D:11     | Reached skill level 10 in Stealth
 19265 | Lair:1   | Entered Level 1 of the Lair of Beasts
 20091 | Lair:2   | Found a staircase to the Swamp.
 20826 | Lair:3   | Reached skill level 10 in Armour
 20831 | Lair:3   | Gained mutation: You regenerate magic rapidly. [demonic
                  | ancestry]
 20831 | Lair:3   | Reached XP level 14. HP: 97/113 MP: 14/14
 20948 | Lair:4   | Reached skill level 1 in Spellcasting
 20972 | Lair:3   | Learned a level 3 spell: Regeneration
 21102 | Lair:3   | Reached skill level 11 in Stealth
 21160 | Lair:3   | Found a staircase to the Snake Pit.
 22423 | Lair:5   | You fall through a shaft!
 22423 | Lair:6   | Entered Level 6 of the Lair of Beasts
 22658 | Lair:5   | Found a staircase to the Slime Pits.
 23136 | Lair:5   | Reached skill level 5 in Dodging
 23655 | Lair:6   | Reached skill level 12 in Stealth
 23949 | Lair:6   | Found the +7 Singing Sword
 25234 | Lair:1   | Gained mutation: Your flesh is cold resistant. (rC+)
                  | [potion of mutation]
 25234 | Lair:1   | Gained mutation: Your natural rate of healing is unusually
                  | fast. [potion of mutation]
 25234 | Lair:1   | Gained mutation: You possess an exceptional clarity of
                  | mind. [potion of mutation]
 25398 | D:4      | Got a polished scale mail
 25409 | D:4      | Identified the +2 scale mail of Xosamawi {rPois rC- rN+
                  | SInv} (You took it off an orc on level 4 of the Dungeon)
 25674 | Elf:1    | Entered Level 1 of the Elven Halls
 26109 | Elf:1    | Reached skill level 13 in Stealth
 26214 | Elf:1    | Identified the Collected Works on Creation
 26318 | Elf:1    | Gained mutation: You have claws for feet. [demonic
                  | ancestry]
 26318 | Elf:1    | Reached XP level 15. HP: 118/118 MP: 16/16
 26325 | Elf:1    | Cast into level 2 of the Abyss (war axe of distortion)
 26394 | Abyss:2  | Noticed a tentacled starspawn
 26402 | Abyss:2  | Paralysed by accursed screaming for 2 turns
 26413 | Abyss:2  | Paralysed by accursed screaming for 1 turns
 26418 | Abyss:2  | Noticed a deep elf sorcerer
 26656 | Elf:1    | Escaped the Abyss
 26965 | Lair:1   | Lost mutation: You possess an exceptional clarity of mind.
                  | [potion of mutation]
 26965 | Lair:1   | Lost mutation: Your natural rate of healing is unusually
                  | fast. [potion of mutation]
 26965 | Lair:1   | Lost mutation: Your flesh is cold resistant. (rC+) [potion
                  | of mutation]
 26965 | Lair:1   | Gained mutation: You are resistant to hostile enchantments.
                  | (MR+) [potion of mutation]
 26965 | Lair:1   | Gained mutation: Your skin changes colour to match your
                  | surroundings (Stealth+). [potion of mutation]
 27027 | D:9      | Bought a potion of mutation for 104 gold pieces
 27027 | D:9      | Lost mutation: You are resistant to hostile enchantments.
                  | (MR+) [potion of mutation]
 27027 | D:9      | Lost mutation: Your skin changes colour to match your
                  | surroundings (Stealth+). [potion of mutation]
 27027 | D:9      | Gained mutation: You are weak. (Str -2) [potion of
                  | mutation]
 27027 | D:9      | Gained mutation: You do not regenerate when monsters are
                  | visible. [potion of mutation]
 27027 | D:9      | Gained mutation: Your mind is acute. (Int +2) [potion of
                  | mutation]
 27788 | Elf:2    | Reached skill level 14 in Stealth
 27962 | Elf:2    | Found the +5 demon whip "Spellbinder" {antimagic, MR+}
 27984 | Elf:2    | Found a magical portal.
 27989 | WizLab   | Entered Zonguldrok's Shrine
 28293 | WizLab   | Noticed an ancient champion
 28298 | WizLab   | Killed an ancient champion
 28298 | WizLab   | Reached skill level 10 in Dodging
 28746 | WizLab   | Noticed an ancient champion
 28758 | WizLab   | Killed an ancient champion
 28988 | WizLab   | Noticed an antique lich
 28996 | WizLab   | Killed an antique lich
 29033 | WizLab   | Found the +9 sword of Zonguldrok {reap}
 29079 | WizLab   | Lost mutation: You do not regenerate when monsters are
                  | visible. [potion of mutation]
 29079 | WizLab   | Lost mutation: You are weak. (Str -2) [potion of mutation]
 29079 | WizLab   | Lost mutation: Your mind is acute. (Int +2) [potion of
                  | mutation]
 29079 | WizLab   | Gained mutation: You can translocate small distances at
                  | will. [potion of mutation]
 29079 | WizLab   | Gained mutation: You tend to lose your temper in combat.
                  | [potion of mutation]
 29079 | WizLab   | Gained mutation: Your spells are a little harder to cast,
                  | but a little more powerful. [potion of mutation]
 29275 | Elf:2    | Reached skill level 15 in Stealth
 29298 | Elf:2    | Reached XP level 16. HP: 81/125 MP: 14/17
 29405 | Elf:2    | Found a runed gate.
 29406 | Elf:2    | Found a runed gate.
 29409 | Elf:2    | Found a runed gate.
 29648 | Elf:2    | Noticed a deep elf blademaster
 29663 | Elf:2    | Killed a deep elf blademaster
 30168 | Elf:2    | Slain by a halberd of venom

Skill      XL: |  1  2  3  4  5  6  7  8  9 10 11 12 13 14 15 |
---------------+----------------------------------------------+-----
Short Blades   | 3 4 5 6 7 9 11 12 14 | 14.0
Fighting       | 3 4 5 7 8 10 11 | 11.0
Armour         | 3 7 10 | 10.0
Stealth        | 3 8 10 13 15 | 15.4
Shields        | 2 4 |  4.0
Dodging        | 8 11 | 11.4
Spellcasting   | 1 |  1.0
Throwing       | |  1.7

Action                   |  1- 3 |  4- 6 |  7- 9 | 10-12 | 13-15 | 16-18 || total
-------------------------+-------+-------+-------+-------+-------+-------++-------
Melee: Rapier            |    93 |   229 |   539 |  1171 |  1558 |       ||  3590
       Kick              |       |    38 |   167 |   465 |   838 |    63 ||  1571
       Short sword       |       |       |       |       |   447 |   174 ||   621
Invok: Lunge             |       |    15 |    39 |    99 |   136 |     7 ||   296
       Whirlwind         |       |     2 |   103 |   220 |   219 |    20 ||   564
       Wall Jump         |       |       |     3 |    11 |    18 |     3 ||    35
       Serpent's Lash    |       |       |       |     8 |     2 |       ||    10
       Heavenly Storm    |       |       |       |       |     3 |       ||     3
Evoke: Wand              |       |       |     1 |    12 |    10 |       ||    23
  Use: Scroll            |       |     2 |     4 |     4 |     9 |       ||    19
       Potion            |       |       |       |     1 |    13 |     1 ||    15
 Stab: Sleeping          |     3 |       |       |    12 |    38 |       ||    53
       Distracted        |       |       |     2 |     5 |    18 |     1 ||    26
       Petrified         |       |       |       |       |     1 |       ||     1
  Eat: Chunk             |       |     8 |    19 |    28 |    25 |       ||    80
       Ration            |       |       |       |       |     5 |       ||     5
Armor: Leather armour    |    26 |    53 |    92 |    46 |       |       ||   217
       Ring mail         |       |       |       |    99 |       |       ||    99
       Troll leather arm |       |       |       |     6 |    45 |       ||    51
       Quicksilver drago |       |       |       |       |   275 |    20 ||   295
Dodge: Dodged            |    58 |   155 |   267 |   561 |   998 |    56 ||  2095
       Deflected         |       |       |    11 |    18 |    33 |     6 ||    68
Block: Buckler           |       |       |       |       |   248 |    20 ||   268
